AoeStats
← IllusiveBread19

Black Forest

510824721Analyzed
2v2 RM · 19h ago on Oct 2, 2026· 89m 47s· 4 players
Game mode
Random Map
Map size
Medium (4 player)
Population
200
Speed
Normal
Resources
Standard
Victory
Conquest
Starting age
Dark Age
Ending age
Imperial Age
RankedLock teamsTeams togetherTeam positionsShared explorationLock speedFull tech treeHidden civsTurbo modeCheats
Victory
Defeat
🇧🇷 Bohemians · Brazil
624
+9
🇧🇷 Japanese · Brazil
593
+9
🇬🇧 Persians · United Kingdom
449
-9
🇬🇧 Teutons · United Kingdom
447
-9
IllusiveBread19
0:31 Loom
11:59 Feudal Age
12:27 Double-Bit Axe
13:28 Wheelbarrow
14:17 Horse Collar
18:48 Gold Mining
21:45 Stone Mining
26:07 Castle Age
29:15 Stone Shaft Mining
28:55 Bow Saw
28:49 Heavy Plow
31:59 Hand Cart
31:30 Town Watch
31:55 Caravan
31:56 Fletching
32:11 Scale Mail Armor
32:22 Forging
32:52 Town Patrol
34:16 Chain Mail Armor
35:07 Fortified Wall
35:20 Ballistics
35:12 Masonry
38:13 Iron Casting
37:34 Bodkin Arrow
41:23 Imperial Age
40:55 Fervor
44:29 Chemistry
43:15 Arrowslits
43:36 Siege Engineers
43:23 Guard Tower
44:07 Plate Mail Armor
44:39 Blast Furnace
44:18 Hoardings
44:06 Conscription
44:08 Crenellations
44:09 Ironclad
43:21 Sappers
44:10 Capped Ram
47:00 Elite Teutonic Knight
47:45 Squires
47:06 Pikeman
47:32 Arson
47:34 Gambesons
47:10 Man-at-Arms
50:47 Halberdier
50:49 Long Swordsman
55:19 Two-Handed Swordsman
56:30 Champion
64:02 Keep
63:48 Bombard Tower
64:04 Onager
65:46 Siege Onager
ElderGecko965
0:31 Loom
12:52 Feudal Age
13:15 Double-Bit Axe
14:25 Wheelbarrow
15:56 Horse Collar
16:12 Gold Mining
22:48 Castle Age
21:28 Stone Mining
22:25 Fletching
22:36 Padded Archer Armor
23:13 Scale Barding Armor
23:35 Bow Saw
26:32 Hand Cart
26:27 Heavy Plow
27:11 Gold Shaft Mining
26:56 Masonry
27:59 Murder Holes
28:25 Ballistics
28:43 Caravan
33:56 Imperial Age
32:52 Stone Shaft Mining
35:24 Crop Rotation
35:59 Two-Man Saw
34:48 Town Watch
35:11 Bodkin Arrow
35:32 Leather Archer Armor
35:38 Chain Barding Armor
34:43 Crossbowman
35:49 Thumb Ring
37:19 Architecture
37:17 Conscription
38:30 Chemistry
39:55 Hoardings
39:21 Kamandaran
40:44 Citadels
43:44 Bloodlines
43:35 Husbandry
42:56 Cavalier
42:59 Elite War Elephant
44:37 Ring Archer Armor
44:43 Plate Barding Armor
45:54 Town Patrol
50:28 Savar
54:01 Pikeman
54:42 Squires
54:28 Gambesons
54:03 Man-at-Arms
54:32 Arson
54:48 Squires
60:43 Long Swordsman
68:34 Fervor
78:03 Onager
GBA
0:31 Loom
13:05 Feudal Age
14:47 Wheelbarrow
18:16 Double-Bit Axe
20:53 Castle Age
20:22 Horse Collar
22:19 Hand Cart
26:08 Fervor
26:34 Heavy Plow
26:47 Bow Saw
29:00 Caravan
33:43 Fortified Wall
33:30 Murder Holes
33:27 Guard Tower
34:39 Chemistry
33:52 Masonry
34:02 Ballistics
34:04 Wagenburg Tactics
36:47 Clinker Construction
39:19 Imperial Age
39:33 Masonry
39:38 Forging
39:26 Fletching
40:24 Elite Hussite Wagon
41:16 Arrowslits
41:30 Bodkin Arrow
42:19 Forging
42:11 Scale Mail Armor
42:57 Conscription
43:40 Keep
47:47 Squires
47:08 Pikeman
47:53 Bracer
48:51 Bombard Tower
48:50 Siege Engineers
49:19 Architecture
51:01 Halberdier
52:19 Iron Casting
52:00 Chain Mail Armor
54:32 Block Printing
54:38 Sanctity
56:44 Two-Man Saw
66:18 Theocracy
65:58 Redemption
89:15 Plate Mail Armor
hudo82
14:49 Feudal Age
15:38 Double-Bit Axe
15:48 Horse Collar
18:13 Man-at-Arms
18:40 Arson
19:52 Gold Mining
22:06 Stone Mining
23:07 Forging
25:50 Loom
26:41 Wheelbarrow
25:52 Town Watch
29:38 Castle Age
28:17 Fletching
28:28 Scale Mail Armor
28:29 Padded Archer Armor
29:19 Scale Barding Armor
31:38 Bow Saw
31:34 Heavy Plow
32:12 Gold Shaft Mining
31:19 Pikeman
31:20 Long Swordsman
31:45 Gambesons
32:01 Squires
32:39 Chain Mail Armor
33:28 Crossbowman
35:02 Iron Casting
35:03 Bodkin Arrow
38:21 Imperial Age
36:29 Leather Archer Armor
37:39 Chain Barding Armor
37:30 Town Patrol
38:12 Hand Cart
40:17 Chemistry
39:14 Murder Holes
38:58 Two-Handed Swordsman
40:09 Fortified Wall
41:04 Guard Tower
41:02 Elite Samurai
42:06 Sanctity
41:37 Arbalester
43:01 Yasama
44:57 Blast Furnace
43:59 Bracer
44:31 Plate Mail Armor
46:06 Ring Archer Armor
45:10 Elite Skirmisher
45:17 Cavalier
45:58 Husbandry
46:42 Bloodlines
45:53 Light Cavalry
47:46 Two-Man Saw
47:12 Masonry
47:24 Arrowslits
47:07 Halberdier
51:32 Hoardings
51:25 Treadmill Crane
53:17 Thumb Ring
53:04 Champion
54:56 Keep
57:58 Kataparuto
68:41 Siege Engineers
Connection lost

Rejoining the realm…

Still unreachable

The connection could not be restored.

Session expired

The server has moved on; the page needs a fresh start.